 Dungeon Crawl Stone Soup version 0.30-a0-424-g7412bad402 (webtiles) character file.

Game seed: 1583000361191151929

520 Ahpoh the Slasher (level 7, -1/53 HPs)
             Began as a Human Gladiator on Dec 9, 2022.
             Was an Initiate of Okawaru.
             Slain by a jelly (2 damage)
             ... on level 6 of the Dungeon.
             The game lasted 00:08:56 (4725 turns).

Ahpoh the Slasher (Human Gladiator)                 Turns: 4725, Time: 00:08:57

Health: -1/53      AC:  3    Str: 15    XL:     7   Next: 45%
Magic:  7/7        EV: 12    Int:  8    God:    Okawaru [......]
Gold:   112        SH:  0    Dex: 16    Spells: 6/6 levels left

rFire   . . .      SeeInvis .    a - +0 long sword
rCold   . . .      Faith    .    (no shield)
rNeg    . . .      Spirit   .    k - +0 ring mail
rPois   .          Reflect  .    c - +0 helmet
rElec   .          Harm     .    o - +0 cloak
rCorr   .          Rampage  .    (no gloves)
Will    .....                    (no boots)
Stlth   +.........               (no amulet)
HPRegen 0.28/turn                (no ring)
MPRegen 0.10/turn                (no ring)

@: corroded, hasted, very quick
A: no striking features
a: Renounce Religion


You were on level 6 of the Dungeon.
You worshipped Okawaru.
Okawaru was noncommittal.
You visited 1 branch of the dungeon, and saw 5 of its levels.

You collected 112 gold pieces.

Inventory:

Hand Weapons
 a - a +0 long sword (weapon)
Missiles
 d - 2 throwing nets (quivered)
 e - a javelin
Armour
 b - a +0 leather armour
 c - a +0 helmet (worn)
 i - a +0 helmet
 k - a +0 ring mail (worn)
 o - a +0 cloak (worn)
Wands
 n - a wand of flame (37)
 s - a wand of polymorph (4)
Scrolls
 f - 2 scrolls of teleportation {unknown}
 h - 4 scrolls of identify {unknown}
 m - a scroll of vulnerability {unknown}
 p - a scroll of poison {unknown}
 q - 2 scrolls of enchant armour {unknown}
 r - a scroll of fear {unknown}
Potions
 g - 4 potions of heal wounds {unknown}
 j - a potion of might {unknown}


   Skills:
 + Level 3.9 Fighting
 + Level 5.4 Long Blades
 + Level 2.1 Throwing
 + Level 3.0 Armour
 + Level 4.1 Dodging
 + Level 0.9 Stealth


You had 6 spell levels left.
You didn't know any spells.
Your spell library contained the following spells:

 Spells                   Type           Power      Damage    Failure   Level
 Magic Dart               Conj           0%         1d3       63%         1
 Searing Ray              Conj           0%         2d4       77%         2
 Stone Arrow              Conj/Erth      0%         3d7       94%         3
 Fulminant Prism          Conj/Hex       0%         3d5       100%        4
 Lehudib's Crystal Spear  Conj/Erth      0%         10d2      100%        8
 Animate Armour           Summ/Erth      Unusable   N/A       N/A         4

Dungeon Overview and Level Annotations

Branches:
Dungeon (4/15)
 Temple: D:4-7

Altars:
Okawaru
Wu Jian
Yredelemnul

Shops:
D:3 :(

Annotations:
D:6 Grinder


Message History

The jelly attacks as you move away! The jelly hits you but does no damage.
The jelly attacks as you move away! The jelly hits you. The acid corrodes you!
You are splashed with acid.
The jelly attacks as you move away! The jelly hits you. The acid corrodes you!
You are splashed with acid.
The jelly attacks as you move away! The jelly hits you.
You are splashed with acid!
A hound comes into view.
The hound barks!
The hound moves out of view.
The jelly attacks as you move away! The jelly hits you.
You are splashed with acid.
* * * LOW HITPOINT WARNING * * *
You feel yourself speed up. The hound bites you.
* * * LOW HITPOINT WARNING * * *
The jelly barely misses you. The hound bites you.
* * * LOW HITPOINT WARNING * * *
You barely miss the hound. The jelly misses you. The hound misses you.
You barely miss the hound. The hound bites you.
* * * LOW HITPOINT WARNING * * *
The jelly hits you but does no damage.
You hit the hound but do no damage. The hound bites you.
* * * LOW HITPOINT WARNING * * *
The jelly misses you.
You slash the hound!
The hound is heavily wounded.
The hound closely misses you.
You hit the hound.
The hound is severely wounded.
The hound bites you.
* * * LOW HITPOINT WARNING * * *
The jelly barely misses you.
You closely miss the hound.
The hound is severely wounded.
The hound barely misses you. The jelly hits you but does no damage.
The hound barely misses you.
You hit the hound.
The hound is almost dead.
The hound bites you but does no damage. The jelly hits you.
You die...

#D# #D# #.#
#W# #.#
##########.#
#WD.W.D.D..#
#J##########
#@# #h# #.#
..# #.. #.#
#.# #.#


You could see a steam dragon, a phantom, a hound and a jelly.

Vanquished Creatures
  A black bear (D:4)
  A necrophage (D:4)
  A hound (D:4)
  A jelly (D:4)
  Crazy Yiuf (D:2)
  An orc wizard (D:4)
  Natasha (D:2)
  An iguana (D:4)
  Robin (D:3)
  4 gnolls
  6 adders
  4 dart slugs
  11 orcs
  12 ball pythons
  2 bats (D:2)
  7 endoplasms
  2 giant cockroaches (D:3)
  15 goblins
  7 hobgoblins
  2 jackals (D:4)
  8 kobolds
  4 quokkas
  2 frilled lizards
  4 rats
  A spectral orc (D:4)
100 creatures vanquished.

Vanquished Creatures (others)
  2 fungi (D:2)
2 creatures vanquished.

Grand Total: 102 creatures vanquished

Notes
Turn   | Place    | Note
-------+----------+-------------------------------------------
     0 | D:1      | Ahpoh the Human Gladiator began the quest for the Orb.
     0 | D:1      | Reached XP level 1. HP: 16/16 MP: 1/1
    71 | D:1      | Reached XP level 2. HP: 22/22 MP: 2/2
   250 | D:1      | Found a faded altar of an unknown god.
   765 | D:2      | Reached XP level 3. HP: 27/27 MP: 3/3
  1082 | D:2      | Reached XP level 4. HP: 34/34 MP: 4/4
  1117 | D:2      | Reached skill level 1 in Armour
  1391 | D:2      | Noticed Natasha
  1416 | D:2      | Killed Natasha
  1417 | D:2      | Reached skill level 4 in Long Blades
  1417 | D:2      | Reached XP level 5. HP: 3/41 MP: 5/5
  2051 | D:2      | Found an ornate altar of the Wu Jian Council.
  2155 | D:2      | Found a runed translucent door.
  2156 | D:2      | Noticed Crazy Yiuf
  2164 | D:2      | Killed Crazy Yiuf
  2368 | D:3      | Found Mooxinac's Antique Weapon Emporium.
  2401 | D:3      | Found Kitha's Vocational Training.
  2951 | D:3      | Noticed Robin
  2972 | D:3      | Reached XP level 6. HP: 35/47 MP: 6/6
  2986 | D:3      | Killed Robin
  3345 | D:4      | Found an iron altar of Okawaru.
  3540 | D:4      | Became a worshipper of Warmaster Okawaru
  3605 | D:4      | Reached XP level 7. HP: 41/53 MP: 7/7
  3698 | D:4      | Reached skill level 5 in Long Blades
  4443 | D:4      | Found a basalt altar of Yredelemnul.
  4614 | D:4      | You fall into a shaft and drop 2 floors!
  4618 | D:6      | Noticed Grinder
  4619 | D:6      | Grinder changed into Grinder the ynoxinul
  4619 | D:6      | Noticed Grinder
  4659 | D:6      | Noticed a steam dragon
  4672 | D:6      | Noticed a steam dragon
  4721 | D:6      | HP: 2/53 [hound (2)]
  4725 | D:6      | Slain by a jelly

Illustrated notes

Levels and vault maps discovered:
D:1:      dpeg_arrival_shelter, layout_basic,
          hellmonk_ecumenical_altar_inner_sanctum, serial_rivers,
          chequers_serial_rivers_micro_e, chequers_serial_rivers_room_a,
          chequers_serial_rivers_marsh, chequers_serial_rivers_room_a,
          chequers_serial_rivers_room_a, chequers_serial_rivers_small_b,
          minmay_misc_feat_diagonals, corexii_leaking_fountain
D:2:      layout_rooms, basic_altar, uniq_natasha, uniq_crazy_yiuf_cottage
D:3:      layout_basic, serial_shops, nicolae_shop_trees,
          nicolae_shop_vocational, uniq_robin
D:4:      layout_loops_ring, okawaru_metal_pillars_3,
          yredelemnul_forgotten_temple_becter, serial_rivers,
          chequers_serial_rivers_large_b, chequers_serial_rivers_room_b,
          chequers_serial_rivers_micro_c, chequers_serial_rivers_small_3
D:6:      layout_loops_ring, uniq_grinder

Skill      XL: |  1  2  3  4  5  6  7 |
---------------+----------------------+-----
Armour         | 1 2 3 |  3.0
Fighting       | 3 |  3.9
Long Blades    | 4 5 |  5.4
Dodging        | 4 |  4.1
Throwing       | |  2.1
Stealth        | |  0.9

Action                   |  1- 3 |  4- 6 |  7- 9 || total
-------------------------+-------+-------+-------++-------
Melee: Long sword        |    62 |   192 |    90 ||   344
       Punch             |     1 |     1 |     2 ||     4
Throw: Throwing net      |       |     1 |       ||     1
Evoke: Wand              |       |       |     3 ||     3
  Use: Potion            |       |       |     1 ||     1
Armor: Leather armour    |     5 |       |       ||     5
       Ring mail         |    23 |    81 |    44 ||   148
Dodge: Dodged            |    54 |   111 |    63 ||   228

Table legend: (Time is in decaauts)
 A = Elapsed time spent in this place.
 B = Non-inter-level travel time spent in this place.
 C = Inter-level travel time spent in this place.
 D = Time resting spent in this place.
 E = Time spent auto-exploring this place.
 F = Levels seen in this place.
 G = Mean time per level.
                   A        B        C        D        E       F      G
               +--------+--------+--------+--------+--------+-----+--------+
         Total |   4830 |   4730 |    100 |   1256 |   2343 |   5 |  966.0 |
       Dungeon |   4830 |   4730 |    100 |   1256 |   2343 |   5 |  966.0 |
               +--------+--------+--------+--------+--------+-----+--------+

Top non-repeatable levels by time:
     D:2: 1634 daAuts
     D:4: 1335 daAuts
     D:3: 1018 daAuts
     D:1: 731 daAuts
     D:6: 110 daAuts
